 Dungeon Crawl Stone Soup version 0.27.1 (webtiles) character file.

Game seed: 7720101488374011429

51 nxtlvl the Cutter (level 3, 0/22 HPs)
             Began as a Deep Elf Monk on Aug 30, 2021.
             Splashed by a jelly's acid (4 damage)
             ... on level 4 of the Dungeon.
             The game lasted 00:07:06 (857 turns).

nxtlvl the Cutter (Deep Elf Monk)                    Turns: 857, Time: 00:07:06

Health: 0/22       AC:  4    Str:  5 (8)  XL:     3   Next: 58%
Magic:  5/5        EV: 12    Int: 14 (15) God:
Gold:   88         SH:  0    Dex: 15 (17) Spells: 2/2 levels left

rFire    . . .     SeeInvis +   a - +1 dagger (speed)
rCold    . . .     Faith    .   (no shield)
rNeg     . . .     Spirit   .   c - +0 leather armour
rPois    .         Reflect  .   d - +0 helmet
rElec    .         Harm     .   (no cloak)
rCorr    .         Rampage  .   (no gloves)
Will     .....                  (no boots)
Stlth    ++........             (no amulet)
HPRegen  0.07/turn              e - +4 ring of slaying
MPRegen  0.09/turn              i - ring of see invisible

@: no status effects
A: no striking features
a: no special abilities


You were on level 4 of the Dungeon.
You visited 1 branch of the dungeon, and saw 5 of its levels.

You collected 88 gold pieces.

Inventory:

Hand Weapons
 a - a +1 dagger of speed (weapon)
 f - a +0 short sword
Missiles
 b - 50 arrows
 k - 12 sling bullets
Armour
 c - a +0 leather armour (worn)
 d - a +0 helmet (worn)
Jewellery
 e - a +4 ring of slaying (left hand)
 i - a ring of see invisible (right hand)
Scrolls
 h - a scroll of identify
 j - a scroll of fog
 l - a scroll of acquirement {unknown}
Potions
 g - a potion of degeneration


   Skills:
 - Level 2.4 Fighting
 * Level 4.6 Short Blades
 - Level 3.6 Dodging
 - Level 2.4 Stealth


You had 2 spell levels left.
You didn't know any spells.
Your spell library was empty.

Dungeon Overview and Level Annotations

Branches:
Dungeon (5/15)             Temple (0/1) D:4

Altars:

Annotations:
D:3 1 runed translucent door, Jessica, Robin


Message History

You hear a shout! x2; You hear an angry hiss.
You hear a shout!
There is a stone staircase leading down here.
Jessica shouts!
You climb downwards.
You hear the hiss of flowing sand.
There is an entrance to an ossuary on this level.
Hurry and find it before the portal is buried!
You hear the hiss of a very distant avalanche of sand.
Found a stone staircase leading down.
There is a stone staircase leading up here.
Found a hand axe.
The jelly quivers.
There is a fountain of clear blue water here.
Okay, then.
You aren't carrying any items that you can evoke.
Okay, then.
As you read the scroll labelled QAR TUNICVEP, it crumbles to dust.
It is a scroll of identify.
j - a scroll of fog
There is a stone staircase leading down here.
You climb downwards.
The iguana hisses angrily.
Found a stone staircase leading up.
There is a stone staircase leading up here.
The adder hisses angrily.
You climb upwards.
You hear the hiss of flowing sand.
There is an entrance to an ossuary on this level.
Hurry and find it before the portal is buried!
There is a stone staircase leading down here.
Your leather armour prevents you from hitting the jelly.
You hit the jelly.
Your hands burn!
The jelly is moderately wounded.
The jelly closely misses you.
You hit the jelly.
Your hands burn!
The jelly is heavily wounded.
You hit the jelly.
Your hands burn!
* * * LOW HITPOINT WARNING * * *
The jelly is heavily wounded.
The jelly barely misses you.
You hit the jelly.
Your hands burn!
You die...

#.# .# ##.######.#
.......)..#
##.##.....##
#.#......^#
##.#...J..## ###
†...###...# ... #####
#.⌠.# ########.#
###...####.J@....#
................##
..⌠..>..⌠...##..##
............#.#....##
##.###...###.....<..#
## #.⌠.# #.......#.#
#...# #.......###
#... ............
#... .........####


You could see a jelly.

Vanquished Creatures
  An adder (D:3)
  A worm (D:4)
  A dart slug (D:1)
  3 orcs (D:3)
  6 ball pythons
  2 endoplasms
  2 giant cockroaches (D:3)
  A goblin (D:1)
  4 hobgoblins
  2 quokkas (D:2)
  2 bats (D:1)
  3 kobolds
  4 rats (D:2)
32 creatures vanquished.

Notes
Turn   | Place    | Note
-------+----------+-------------------------------------------
     0 | D:1      | nxtlvl the Deep Elf Monk began the quest for the Orb.
     0 | D:1      | Reached XP level 1. HP: 13/13 MP: 3/3
   181 | D:1      | Reached XP level 2. HP: 8/18 MP: 4/4
   283 | D:2      | Reached skill level 4 in Short Blades
   457 | D:1      | Found a faded altar of an unknown god.
   585 | D:3      | Noticed Robin
   618 | D:3      | Reached XP level 3. HP: 21/22 MP: 5/5
   667 | D:4      | Found a staircase to the Ecumenical Temple.
   773 | D:3      | Found a runed translucent gate.
   774 | D:3      | Noticed Jessica
   850 | D:5      | Entered Level 5 of the Dungeon
   857 | D:4      | Splashed by a jelly's acid

Illustrated notes

Levels and vault maps discovered:
D:1:      sevenhm_arrival_forest_fort_small_4, layout_rooms,
          hellmonk_ecumenical_altar_zigzags
D:2:      layout_rooms
D:3:      layout_loops_ring, gammafunk_ghost_necromancy, st_stairs_2,
          uniq_robin, uniq_jessica
D:4:      layout_loops_ring, grunt_dithmenos_smoke,
          minmay_temple_entry_junction, enter_ossuary_2, grunt_decor_one_mirror
D:5:      layout_cave_pools, nicolae_hepliaklqana_hazy_memory, serial_shops,
          nicolae_diamond_shop, minmay_pentangle, uniq_sigmund, uniq_menkaure,
          uniq_prince_ribbit1

Skill      XL: |  1  2 |
---------------+-------+-----
Short Blades   | 4 |  4.6
Fighting       | |  2.4
Dodging        | |  3.6
Stealth        | |  2.4

Action                   || total
-------------------------++-------
Melee: Dagger            ||    82
       Short sword       ||     4
  Use: Scroll            ||     1
       Potion            ||     1
 Stab: Sleeping          ||     6
Armor: Robe              ||     2
       Leather armour    ||     3
Dodge: Dodged            ||    29
